 Dungeon Crawl Stone Soup version 0.16.1-7-g2c6721e (webtiles) character file.

182 Shoikan the Cudgeler (level 5, -1/46 HPs)
             Began as a Minotaur Berserker on Mar 29, 2015.
             Was a Priest of Trog.
             Slain by a gnoll
             ... wielding a +0 flail
              (5 damage)
             ... on level 4 of the Dungeon.
             The game lasted 00:18:38 (2427 turns).

Shoikan the Cudgeler (Minotaur Berserker)           Turns: 2427, Time: 00:18:38

Health: -1/46      AC:  6    Str: 22    XL:     5   Next: 34%
Magic:  11/11      EV: 11    Int:  5    God:    Trog [***...]
Gold:   170        SH:  0    Dex:  9    Spells: 0 memorised, 4 levels left

rFire  . . .     SeeInvis .     a - +0 mace
rCold  . . .     Clarity  .     q - +0 ring mail
rNeg   . . .     SustAb   .     (no shield)
rPois  +         Gourm    .     (helmet restricted)
rElec  .         Spirit   .     h - +0 cloak (curse)
rCorr  .         Warding  .     (no gloves)
rMut   .         Stasis   .     (no boots)
MR     .....                    (no amulet)
Stlth  ..........               p - ring of magical power
                                m - ring of poison resistance

@: not resistant to hostile enchantments, extremely unstealthy
A: retaliatory headbutt, horns 2
a: Burn Spellbooks, Berserk, Trog's Hand, Renounce Religion


You were on level 4 of the Dungeon.
You worshipped Trog.
Trog was most pleased with you.
You were hungry.

You visited 1 branch of the dungeon, and saw 4 of its levels.

You collected 170 gold pieces.

Inventory:

Hand weapons
 a - a +0 mace (weapon)
Armour
 h - a cursed +0 cloak (worn)
 q - a +0 ring mail (worn)
Jewellery
 m - a ring of poison resistance (left hand)
 p - a ring of magical power (right hand)
Magical devices
 s - a wand of teleportation (5)
Scrolls
 d - a scroll of amnesia
 e - a scroll of magic mapping
 j - a scroll of teleportation {unknown}
 k - a scroll of identify
 n - a scroll of immolation {unknown}
 r - 2 scrolls of remove curse {unknown}
Potions
 g - a potion of flight
 i - a potion of haste {unknown}
 l - a potion of curing
Comestibles
 b - a slice of pizza
 c - 7 bread rations
 f - a meat ration
 o - a fruit
 t - a beef jerky


   Skills:
 - Level 3.8 Fighting
 + Level 7.1 Maces & Flails
 - Level 2.5 Armour
 - Level 2.4 Dodging


You had 4 spell levels left.
You didn't know any spells.

Dungeon Overview and Level Annotations

Branches:
Dungeon (4/15)
 Temple: D:4-7

Altars:
Ashenzari
Cheibriados
Dithmenos


Innate Abilities, Weirdness & Mutations

You reflexively headbutt those who attack you in melee.
You have a pair of horns on your head.


Message History

The gnoll hits you but does no damage.
You hit the gnoll but do no damage.
The gnoll is severely wounded.
The gnoll closely misses you. The gnoll hits you with a flail!
* * * LOW HITPOINT WARNING * * *
The gnoll hits you from afar with a halberd!
* * * LOW HITPOINT WARNING * * *
You feel sick.
Your skin stops crawling.
You feel less resistant to hostile enchantments.
You feel sick.
You feel sick.
You feel sick.
You feel sick.
You are no longer poisoned.
The gnoll closely misses you. You furiously retaliate!
You headbutt the gnoll, but do no damage.
There is a stone staircase leading down here.
The gnoll hits you with a flail.
You die...

#.# #.# #....#.# #.....#
###.####)######...#
##.#### #....).[...#
##### ### # #.#.####.#.#
# ##...# #...####
#'##########'..#
########### #.#
#.#......#####..........
#.#
#.#....................?
#.#
#.#....@g.Og.g........>.
#.#
#.#.....######g#########
#.# #.#.....# #.# #.#
#.####### #.# #^# #.#
#g# #.# ##.## #g#
#.####.#.#### #.#
#.....###...# #g#
######.#..#.# #.#


You could see an ogre and 4 gnolls.

Vanquished Creatures
  An orc wizard (D:4)
  7 adders
  2 giant mites
  2 oozes
  5 orcs
  A ball python (D:3)
  3 giant cockroaches
  10 hobgoblins
  2 jackals (D:3)
  2 quokkas (D:2)
  4 bats
  3 giant geckos
  A giant gecko skeleton (D:4)
  3 giant newts
  13 goblins
  4 kobolds
  7 rats
70 creatures vanquished.

Notes
Turn   | Place    | Note
--------------------------------------------------------------
     0 | D:1      | Shoikan, the Minotaur Berserker, began the quest for the Orb.
     0 | D:1      | Reached XP level 1. HP: 19/19 MP: 1/1
    50 | D:2      | Found a snail-covered altar of Cheibriados.
   107 | D:2      | Reached skill level 4 in Maces & Flails
   107 | D:2      | Reached XP level 2. HP: 24/27 MP: 1/1
   415 | D:2      | Reached XP level 3. HP: 28/33 MP: 2/2
   443 | D:2      | Found a shadowy altar of Dithmenos.
   449 | D:2      | Found a shattered altar of Ashenzari.
   704 | D:2      | Reached skill level 5 in Maces & Flails
   765 | D:3      | Acquired Trog's second power
  1195 | D:3      | Reached XP level 4. HP: 40/40 MP: 2/2
  1677 | D:3      | Reached skill level 6 in Maces & Flails
  2090 | D:4      | Reached XP level 5. HP: 46/46 MP: 2/2
  2359 | D:4      | Noticed an ogre
  2390 | D:4      | Reached skill level 7 in Maces & Flails
  2397 | D:4      | HP: 2/46 [gnoll/halberd (11)]
  2406 | D:4      | HP: 2/46 [poisoned by an adder]
  2414 | D:4      | HP: 2/46 [poisoned by an adder]
  2427 | D:4      | Slain by a gnoll

Action                   |  1- 3 |  4- 6 || total
-------------------------+-------+-------++-------
Melee: Mace              |    66 |    79 ||   145
Invok: Trog's Hand       |       |     1 ||     1
Evoke: Wand              |       |     1 ||     1
  Use: Scroll            |       |     4 ||     4
       Potion            |       |     1 ||     1
  Eat: Chunk             |     1 |     3 ||     4
